Map: Lightshade LE

Players

PiLiPiLi - Winner!

  • Race: Protoss Protoss
  • League: Grandmaster
  • Spawn Location: 11:00

Calm

  • Race: Terran Terran
  • League: Grandmaster
  • Spawn Location: 5:00

VOD

Have the link to the VOD?

Description

Time

  • Played on: Dec. 15, 2020, 10:49 p.m.
  • Length: 6:30
Show
View Real Time Build Order
Export as new Build Order

PiLiPiLi Protoss - Winner!

Build Orders: 1 Gate Expand, Dark Templar Rush 

Get SALT Encoding   

  12  0:01  Probe  
  13  0:13  Probe  
  14  0:18  Pylon  
  14  0:26  Probe (Chrono Boost)  
  15  0:38  Probe (Chrono Boost)  
  15  0:40  Gateway  
  16  0:46  Probe (Chrono Boost)  
  16  0:49  Assimilator  
  17  0:52  Probe  
  18  1:04  Probe  
  19  1:16  Probe  
  20  1:25  Nexus  
  21  1:34  Cybernetics Core  
  21  1:37  Probe  
  21  1:41  Assimilator  
  21  1:49  Probe  
  21  1:51  Pylon  
  21  2:01  Probe  
  21  2:07  Stalker (Chrono Boost)  
  22  2:11  Warp Gate  
  22  2:13  Probe  
  25  2:26  Probe  
  25  2:27  Twilight Council  
  26  2:38  Probe  
  26  2:41  Probe  
  28  2:46  Robotics Facility  
  28  2:50  Probe  
  29  2:53  Probe  
  30  3:02  Probe  
  32  3:05  Probe  
  32  3:11  Dark Shrine  
  32  3:14  Gateway, Probe  
  32  3:17  Probe  
  34  3:23  Gateway  
  34  3:26  Probe  
  35  3:27  Shield Battery  
  35  3:29  Probe  
  36  3:36  Warp Prism (Chrono Boost)  
  36  3:41  Probe  
  39  3:43  Probe  
  40  3:49  Pylon  
  40  3:53  Pylon, Probe  
  41  3:55  Probe  
  41  4:01  Assimilator  
  42  4:03  Assimilator  
  42  4:05  Probe  
  42  4:08  Probe  
  44  4:17  Probe  
  44  4:20  Probe  
  46  4:25  Dark Templar x3  
  46  4:29  Probe  
  53  4:32  Probe  
  54  4:41  Probe, Immortal (Chrono Boost)  
  59  4:57  Probe  
  59  4:59  Dark Templar  
  62  5:04  Robotics Bay  
  62  5:05  Pylon  
  62  5:07  Gateway, Pylon  
  62  5:09  Shield Battery  
  60  5:27  Immortal (Chrono Boost)  
  58  5:28  Probe  
  58  5:33  Forge  
  63  5:52  Probe  
  63  5:55  Dark Templar x2  
  68  5:57  Dark Templar  
  68  5:58  Probe  
  71  6:11  Pylon  
  71  6:16  Zealot  
  77  6:26  Nexus  
Show
View Real Time Build Order
Export as new Build Order

Calm Terran 

Build Orders:  

Get SALT Encoding   

  12  0:00  SCV  
  13  0:12  SCV  
  14  0:17  Supply Depot  
  14  0:24  SCV  
  15  0:39  SCV  
  15  0:40  Barracks  
  16  0:44  Refinery  
  16  0:51  SCV  
  17  1:03  SCV  
  18  1:15  SCV  
  19  1:28  Marine  
  19  1:29  Orbital Command  
  20  1:40  Command Center  
  20  1:47  Barracks Reactor  
  20  1:55  SCV  
  20  1:59  Bunker  
  21  2:06  Supply Depot  
  21  2:07  SCV  
  22  2:19  SCV  
  23  2:27  Marine x2  
  25  2:31  SCV  
  26  2:38  Command Center  
  26  2:43  SCV  
  27  2:47  Marine  
  27  2:48  Marine  
  29  2:54  Orbital Command  
  29  2:56  SCV  
  30  3:05  Marine x2  
  30  3:08  SCV  
  30  3:11  Barracks  
  33  3:19  SCV  
  34  3:20  SCV  
  34  3:23  Marine  
  34  3:24  Marine, Barracks  
  37  3:32  SCV  
  37  3:33  SCV  
  39  3:34  Supply Depot  
  39  3:41  Marine  
  39  3:42  Marine  
  39  3:44  SCV  
  39  3:45  SCV  
  43  3:48  Refinery  
  43  3:52  Orbital Command  
  43  3:56  SCV  
  43  3:57  SCV  
  43  3:58  Barracks Tech Lab  
  43  3:59  Marine  
  43  4:00  Marine  
  47  4:08  SCV, Supply Depot  
  47  4:09  SCV  
  49  4:10  Barracks Tech Lab  
  51  4:17  Marine, Marauder  
  51  4:18  Marine  
  51  4:20  SCV x2  
  51  4:21  SCV  
  56  4:26  Factory  
  56  4:29  Marauder  
  58  4:32  SCV x2  
  60  4:39  Supply Depot  
  60  4:40  SCV  
  60  4:44  SCV  
  56  4:46  Marauder, SCV  
  56  4:49  Marine  
  46  5:10  Engineering Bay  
  46  5:13  Starport  
  46  5:17  Marine  
  42  5:27  SCV  
  41  5:29  Marine x2  
  41  5:30  Marine  
  41  5:31  SCV  
  41  5:34  SCV  
  44  5:42  Missile Turret  
  38  5:50  Marine, Factory Reactor  
  38  5:51  SCV  
  38  5:53  SCV x2  
  38  5:54  Marine  
  42  6:03  SCV, Barracks Tech Lab x2  
  42  6:05  SCV x2  
  42  6:10  Barracks Tech Lab  
  44  6:15  SCV  
  44  6:17  SCV  
  44  6:18  SCV  
  46  6:21  Missile Turret  
Tags
 
Add a new tag
Caveats
  • Supply blocks, unpowered buildings, or Contaminate may cause inaccurate times.
  • Supply counts are checked every 10 seconds.